Map: Year Zero LE

Players

luku - Winner!

  • Race: Zerg Zerg
  • League: Platinum
  • Spawn Location: 1:00

Taku

  • Race: Protoss Protoss
  • League: Gold
  • Spawn Location: 11:00

VOD

Have the link to the VOD?

Description

takuan負けた
悔しすぎる一戦

Time

  • Played on: May 5, 2019, 1:39 p.m.
  • Length: 13:39
Show
View Real Time Build Order
Export as new Build Order

luku Zerg - Winner!

Build Orders: Hatch First 

Get SALT Encoding   

  12  0:01  Drone  
  13  0:08  Drone  
  14  0:20  Overlord  
  14  0:25  Drone, Extractor  
  14  0:38  Drone  
  14  0:39  Drone  
  16  0:58  Hatchery  
  16  1:02  Drone  
  16  1:20  Spawning Pool  
  16  1:23  Drone  
  16  1:27  Drone  
  16  1:31  Drone  
  18  1:34  Drone  
  19  1:49  Drone  
  20  1:56  Drone  
  21  2:08  Drone  
  21  2:12  Queen x2  
  26  2:23  Metabolic Boost  
  26  2:25  Drone x2  
  26  2:27  Extractor  
  27  2:31  Drone  
  27  2:33  Overlord  
  28  2:51  Lair  
  28  2:53  Drone x4  
  32  2:59  Drone  
  33  3:06  Queen  
  33  3:12  Drone  
  36  3:28  Hatchery  
  36  3:29  Overlord  
  35  3:34  Drone  
  35  3:36  Overlord  
  36  3:53  Evolution Chamber  
  35  3:56  Roach Warren  
  35  4:00  Overseer, Pneumatized Carapace  
  35  4:01  Drone x2  
  35  4:02  Drone  
  37  4:09  Drone x2  
  40  4:10  Drone  
  40  4:18  Drone x3  
  40  4:22  Drone x2  
  45  4:30  Drone x4  
  49  4:35  Extractor  
  49  4:36  Extractor  
  47  4:39  Zerg Ground Armor Level 1  
  47  4:46  Drone x3  
  47  4:47  Drone  
  47  4:52  Queen  
  53  4:58  Drone x4  
  57  5:06  Overlord x2  
  57  5:19  Drone, Overlord x2  
  58  5:25  Drone  
  58  5:26  Drone x6  
  65  5:29  Overlord  
  65  5:36  Zergling x6  
  65  5:39  Zergling x2  
  65  5:42  Glial Reconstitution  
  69  5:51  Roach x3  
  69  5:54  Roach x2  
  69  5:55  Roach x2  
  83  5:58  Roach x3  
  83  6:03  Roach x3  
  95  6:09  Overlord x2  
  95  6:20  Roach  
  95  6:23  Overlord x3  
  97  6:27  Roach  
  97  6:28  Roach x4  
  107  6:36  Zerg Missile Weapons Level 1  
  107  6:44  Drone x5  
  107  6:45  Drone x2  
  107  6:46  Extractor  
  113  6:47  Extractor  
  112  6:55  Zergling x10  
  117  7:07  Zergling x18  
  112  7:30  Roach  
  112  7:31  Roach x6  
  124  7:41  Overlord x4  
  124  7:44  Spire  
  124  7:48  Hydralisk Den  
  119  7:53  Infestation Pit  
  119  7:56  Zergling x14  
  106  7:59  Roach  
  106  8:00  Roach  
  110  8:08  Zergling x2  
  110  8:09  Zergling x4  
  110  8:10  Queen  
  102  8:23  Queen  
  96  8:29  Zergling x12  
  87  8:41  Zergling x2  
  87  8:42  Zergling x4  
  89  8:55  Hydralisk x3  
  82  9:02  Grooved Spines  
  85  9:03  Mutalisk  
  85  9:04  Mutalisk  
  89  9:12  Mutalisk x2  
  93  9:35  Mutalisk x6  
  105  9:42  Mutalisk x4  
  103  9:57  Mutalisk x2  
  85  10:02  Mutalisk x2  
  89  10:14  Mutalisk x2  
  75  10:24  Mutalisk  
  75  10:25  Mutalisk  
  71  10:33  Overseer  
  71  10:42  Mutalisk  
  72  10:49  Mutalisk  
  58  11:19  Hatchery  
  57  11:36  Hatchery  
  56  12:05  Hatchery  
  55  12:33  Drone  
  56  12:40  Lair  
  56  12:49  Drone x2  
  58  12:51  Queen  
  60  13:03  Drone x2  
Show
View Real Time Build Order
Export as new Build Order

Taku Protoss 

Build Orders: 1 Gate Expand, Chargelot Immortal 

Get SALT Encoding   

  12  0:00  Probe  
  13  0:09  Probe  
  14  0:20  Pylon  
  14  0:22  Probe  
  15  0:38  Probe  
  15  0:41  Gateway  
  16  0:50  Probe  
  16  0:51  Assimilator  
  17  0:59  Probe  
  18  1:07  Probe  
  18  1:16  Probe  
  20  1:27  Nexus  
  20  1:35  Probe  
  21  1:49  Cybernetics Core  
  21  1:53  Probe  
  22  2:04  Pylon  
  22  2:09  Assimilator  
  22  2:11  Probe  
  23  2:19  Probe  
  23  2:22  Pylon  
  23  2:25  Adept  
  26  2:31  Warp Gate  
  26  2:32  Gateway, Probe  
  27  2:40  Probe  
  28  2:44  Robotics Facility  
  28  2:48  Probe  
  29  2:56  Probe  
  29  2:58  Sentry  
  31  2:59  Probe  
  31  3:04  Probe  
  33  3:11  Probe  
  35  3:17  Probe  
  36  3:23  Probe, Twilight Council  
  37  3:30  Pylon  
  37  3:32  Stalker  
  37  3:33  Stalker  
  41  3:41  Probe x2, Immortal  
  47  3:56  Probe  
  47  3:57  Probe  
  47  3:59  Gateway  
  47  4:00  Charge  
  48  4:19  Probe x2  
  48  4:21  Warp Prism  
  52  4:31  Assimilator  
  52  4:34  Zealot x2  
  56  4:41  Probe x2  
  58  4:51  Gateway  
  58  4:52  Pylon x2  
  58  4:54  Pylon  
  58  4:55  Pylon  
  58  4:58  Immortal  
  62  5:11  Sentry x2  
  62  5:13  Zealot  
  68  5:37  Immortal  
  68  5:41  Sentry  
  68  5:42  Zealot x2  
  76  5:49  Gateway x2  
  78  5:52  Sentry, Gateway  
  78  5:53  Gateway  
  80  6:21  Zealot x4  
  88  6:50  Zealot x3  
  94  6:57  Pylon  
  94  6:58  Pylon  
  94  7:00  Pylon  
  94  7:02  Pylon  
  94  7:13  Immortal  
  80  7:39  Sentry x2  
  80  7:40  Zealot x6  
  82  8:01  Zealot x6  
  82  8:03  Zealot  
  92  8:18  Zealot  
  82  8:25  Zealot x7  
  76  8:36  Immortal  
  74  8:42  Sentry  
  76  8:51  Zealot x7  
  90  9:10  Sentry  
  90  9:13  Sentry x4  
  90  9:14  Zealot x3  
  110  9:19  Observer  
  107  9:37  Immortal  
  107  9:41  Zealot x7  
  115  10:03  Zealot x5  
  121  10:16  Stalker x3  
  121  10:20  Immortal  
  117  10:33  Stargate  
  117  10:34  Stalker x3  
  115  10:36  Stargate  
  89  11:00  Stalker x5  
  89  11:01  Stalker  
  65  11:17  Stalker x2  
  58  11:32  Phoenix  
  58  11:33  Phoenix  
  58  11:45  Stalker x4  
  61  12:09  Phoenix  
  57  12:26  Phoenix  
  57  12:29  Phoenix  
  57  13:00  Phoenix  
Tags
 
Add a new tag
Caveats
  • Supply blocks, unpowered buildings, or Contaminate may cause inaccurate times.
  • Supply counts are checked every 10 seconds.